 Dungeon Crawl Stone Soup version 0.22-a0-775-ga7d80019b5 (webtiles) character file.

1005 Htamos the Thaumaturge (level 8, -3/41 HPs)
             Began as a Deep Elf Necromancer on July 18, 2018.
             Slain by a bullfrog (7 damage)
             ... on level 5 of the Dungeon.
             The game lasted 00:14:42 (8199 turns).

Htamos the Thaumaturge (Deep Elf Necromancer)       Turns: 8199, Time: 00:14:43

Health: -3/41      AC:  5    Str:  5    XL:     8   Next: 0%
Magic:  14/23      EV:  9    Int: 23    God:
Gold:   216        SH:  0    Dex: 15    Spells: 21/25 levels left

rFire    . . .     SeeInvis .   q - +2 short sword (venom)
rCold    . . .     Gourm    .   (no shield)
rNeg     . . .     Faith    .   j - +0 ring mail
rPois    .         Spirit   .   (no helmet)
rElec    .         Reflect  .   u - -1 cloak (curse)
rCorr    .         Harm     .   (no gloves)
MR       .....                  (no boots)
Stlth    +.........             (no amulet)
HPRegen  0.13/turn              (no ring)
MPRegen  0.18/turn              (no ring)

@: no status effects
A: no striking features
a: no special abilities


You were on level 5 of the Dungeon.
You were hungry.

You visited 2 branches of the dungeon, and saw 7 of its levels.

You collected 216 gold pieces.

Inventory:

Hand Weapons
 d - a +0 dagger
 k - a +0 spear
 q - a +2 short sword of venom (weapon)
 w - a +0 long sword
Missiles
 f - 2 tomahawks of returning
 m - a throwing net (quivered)
 v - 3 tomahawks
Armour
 a - a +0 robe
 j - a +0 ring mail (worn)
 u - a cursed -1 cloak (worn)
Jewellery
 g - a cursed ring of teleportation {unknown}
Scrolls
 b - 3 scrolls of identify
 e - a scroll of blinking {unknown}
 h - 4 scrolls of remove curse {unknown}
 l - 2 scrolls of immolation {unknown}
 p - a scroll of amnesia {unknown}
 s - a scroll of enchant weapon {unknown}
 y - a scroll of teleportation {unknown}
 z - a scroll of noise {unknown}
Potions
 i - 3 potions of invisibility
 n - 2 potions of might {unknown}
 o - a potion of experience {unknown}
 r - a potion of curing {unknown}
 t - 2 potions of cancellation {unknown}
 x - 2 potions of agility {unknown}
Comestibles
 c - 13 rations


   Skills:
 - Level 2.4 Dodging
 - Level 2.4 Stealth
 * Level 9.3 Spellcasting
 + Level 9.0 Necromancy


You had 21 spell levels left.
You knew the following spells:

 Your Spells              Type           Power        Failure   Level  Hunger
a - Pain                  Necr           ####         1%          1    None
b - Vampiric Draining     Necr           ######....   2%          3    None

Your spell library contained the following spells:

 Spells                   Type           Power        Failure   Level  Hunger
 Magic Dart               Conj           ##..         28%         1    None
 Conjure Flame            Conj/Fire      ##......     65%         3    None
 Slow                     Hex            ##......     41%         2    None
 Mephitic Cloud           Conj/Pois/Air  ##......     65%         3    None
 Blink                    Tloc           N/A          41%         2    None
 Animate Dead             Necr           N/A          7%          4    ##.....
 Animate Skeleton         Necr           N/A          1%          1    None
 Call Imp                 Summ           ##......     41%         2    None
 Regeneration             Chrm/Necr      ####......   14%         3    None


Dungeon Overview and Level Annotations

Branches:
Dungeon (6/15)             Temple (1/1) D:5

Altars:
Ashenzari
Cheibriados
Elyvilon
Fedhas
Gozag
Hepliaklqana
Makhleb
Nemelex Xobeh
Okawaru
Qazlal
Ru
Sif Muna
Trog
Vehumet
Wu Jian
Xom
Yredelemnul
Zin
The Shining One

Shops:
D:4 (


Message History

Press: ? - help, Shift-Dir - straight line, f/p - bullfrog
Aim: a bullfrog (almost dead, chance to defeat MR: 84%)
The bullfrog writhes in agony!
The bullfrog barely misses you. The bullfrog hits you.
* * * LOW HITPOINT WARNING * * *
The phantom hits you but does no damage.
Casting: Pain (safe; 1% risk of failure)
Confirm with . or Enter, or press ? or * to list all spells.
Aiming: Pain (safe; 1% risk of failure)
Press: ? - help, Shift-Dir - straight line, f/p - bullfrog
Aim: a bullfrog (almost dead, chance to defeat MR: 84%)
The bullfrog barely resists.
The bullfrog hits you.
* * * LOW HITPOINT WARNING * * *
The phantom hits you!
* * * LOW HITPOINT WARNING * * *
As you read the scroll labeled ROBAM YPNIBRON, it crumbles to dust.
It is a scroll of identify.
i - 3 potions of invisibility The bullfrog hits you!
You die...

#.....#.......'..............#
#.....#.......#..............#
#.....#.......#..............#
###...#.......##....##.......#
..#...#........#....######'###
..'...#........#.....#.......#
..#...#........#.....#.......#
..#...#........#W....#.......#
..#...'........#@F...#.......#
..#####........###############
### ##########


You could see a phantom and a bullfrog.

Vanquished Creatures
  An ogre (D:4)
  A centaur (D:5)
  A scorpion (D:4)
  A howler monkey (D:5)
  2 crimson imps (D:5)
  2 hounds (D:5)
  An orc priest (D:4)
  3 orc wizards
  Jessica (D:3)
  4 worker ants (D:4)
  An iguana (D:5)
  Natasha (thrice) (D:2)
  A hound skeleton (D:4)
  Robin (D:2)
  8 adders
  5 gnolls
  An ooze (D:4)
  4 adder skeletons
  3 dart slugs
  A worm (D:2)
  2 leopard geckos
  15 orcs
  13 bats
  5 giant cockroaches
  15 goblins
  8 hobgoblins
  3 jackals
  6 kobolds
  A quokka (D:4)
  A ball python (D:1)
  2 frilled lizards
  8 rats
124 creatures vanquished.

Notes
Turn   | Place    | Note
-------+----------+-------------------------------------------
     0 | D:1      | Htamos the Deep Elf Necromancer began the quest for the Orb.
     0 | D:1      | Reached XP level 1. HP: 10/10 MP: 6/6
   145 | D:1      | Reached skill level 5 in Necromancy
   603 | D:1      | Reached XP level 2. HP: 15/15 MP: 6/8
  1809 | D:1      | Reached XP level 3. HP: 19/19 MP: 8/10
  2110 | D:2      | Reached XP level 4. HP: 18/24 MP: 4/12
  2648 | D:2      | Noticed Robin
  2655 | D:2      | Killed Robin
  3172 | D:2      | Noticed Natasha
  3178 | D:2      | Killed Natasha
  3178 | D:2      | Reached XP level 5. HP: 24/28 MP: 8/14
  3198 | D:2      | Found a shattered altar of Ashenzari.
  3419 | D:2      | Found a sparkling altar of Nemelex Xobeh.
  3444 | D:2      | Noticed Natasha
  3447 | D:2      | Killed Natasha
  3447 | D:2      | Reached skill level 5 in Spellcasting
  3462 | D:2      | Noticed Natasha
  3464 | D:2      | Killed Natasha
  3558 | D:3      | Learned a level 3 spell: Vampiric Draining
  3635 | D:3      | Noticed Jessica
  3638 | D:3      | Killed Jessica
  3679 | D:3      | Reached XP level 6. HP: 23/32 MP: 7/16
  3789 | D:3      | Found an opulent altar of Gozag.
  4512 | D:4      | Found a stormy altar of Qazlal.
  5712 | D:4      | Reached XP level 7. HP: 7/36 MP: 11/20
  6348 | D:4      | Found Xuontemn's Weapon Shop.
  6491 | D:5      | Entered Level 5 of the Dungeon
  6672 | D:5      | Found a staircase to the Ecumenical Temple.
  6687 | Temple   | Entered the Ecumenical Temple
  6874 | D:5      | Found a shimmering altar of Xom.
  6977 | D:5      | Found a radiant altar of Vehumet.
  6978 | D:5      | Found a burning altar of Makhleb.
  7893 | D:5      | Reached XP level 8. HP: 38/41 MP: 18/23
  8199 | D:5      | Slain by a bullfrog

Vault maps used:
D:1:      minmay_arrival_nine_rooms, serial_forest,
          infiniplex_forest_lined_4_way, infiniplex_forest_clump_curved,
          infiniplex_forest_diagonal, infiniplex_forest_straight_4
D:2:      evilmike_ruin_ashenzari, nemelex_lonely_heart_becter, uniq_robin,
          uniq_natasha
D:3:      lemuel_crystal_altar, first_ration, grunt_decor_one_mirror,
          uniq_jessica
D:4:      serial_shops, shop, nicolae_qazlal_general_emergency
D:5:      grunt_temple_overflow_lords_of_destruction, marbit_many_paths,
          minmay_temple_entry_trees
Temple:   nicolae_temple_great_sept

Skill      XL: |  1  2  3  4  5  6  7 |
---------------+----------------------+-----
Necromancy     | 5 6 7 8 9 |  9.0
Spellcasting   | 4 5 7 9 |  9.3
Dodging        | |  2.4
Stealth        | |  2.4

Action                   |  1- 3 |  4- 6 |  7- 9 || total
-------------------------+-------+-------+-------++-------
Melee: Spear             |       |     2 |       ||     2
       Short sword       |       |     6 |   108 ||   114
 Cast: Pain              |    54 |   166 |    51 ||   271
       Vampiric Draining |       |       |     6 ||     6
  Use: Scroll            |       |       |     1 ||     1
 Stab: Sleeping          |       |       |     1 ||     1
  Eat: Chunk             |     3 |    10 |     5 ||    18
       Ration            |       |       |     1 ||     1
Armor: Robe              |     1 |       |       ||     1
       Ring mail         |       |    27 |    50 ||    77
Dodge: Dodged            |     6 |    22 |    61 ||    89

Table legend:
 A = Spawn XP
 B = Non-spawn XP
 C = Spawn XP percentage of total XP
 D = Spawn monster count
 E = Non-spawn monster count
 F = Spawn count percentage of total count
 G = Total turns spent on level
                    A         B        C        D         E        F      G
               +---------+---------+-------+---------+---------+-------+---------
         Total |       0 |    1437 |   0.0 |       0 |     124 |   0.0 |  8199
               +---------+---------+-------+---------+---------+-------+---------
           D:1 |       0 |      61 |   0.0 |       0 |      28 |   0.0 |  2473
           D:2 |       0 |     257 |   0.0 |       0 |      38 |   0.0 |  1054
           D:3 |       0 |     133 |   0.0 |       0 |      22 |   0.0 |  1188
           D:4 |       0 |     520 |   0.0 |       0 |      21 |   0.0 |  1875
           D:5 |       0 |     466 |   0.0 |       0 |      15 |   0.0 |  1545
               +---------+---------+-------+---------+---------+-------+---------
